[Event "ICC tourney 2045 (75 10)"]
[Site "Internet Chess Club"]
[Date "2020.10.10"]
[Round "4"]
[White "akumarum"]
[Black "HemingLiu"]
[Result "1-0"]
[ICCResult "Black checkmated"]
[WhiteElo "1076"]
[BlackElo "694"]
[Opening "Giuoco Piano: four knights variation"]
[ECO "C55"]
[NIC "IG.01"]
[Time "18:32:40"]
[TimeControl "4500+10"]

1. e4 e5 2. Nf3 Nc6 3. Bc4 Nf6 4. Nc3 Bc5 5. O-O O-O 6. Re1 d6 7. d3 h6 8.
Be3 Bb6 9. h3 Be6 10. Bb3 Nd4 11. Bxe6 fxe6 12. Na4 c5 13. c3 Nxf3+ 14. Qxf3
Nd5 15. exd5 Rxf3 16. gxf3 exd5 17. Rad1 d4 18. cxd4 cxd4 19. Bd2 Qd7 20.
Nxb6 axb6 21. a3 Qxh3 22. f4 exf4 23. Bxf4 Qg4+ 24. Bg3 h5 25. Kh2 Rf8 26.
Rd2 d5 27. Rg1 Qg5 28. Re2 g6 29. Bd6 Qh4+ 30. Kg2 Rf6 31. Be7 Qg4+ 32. Kf1
Qh3+ 33. Ke1 Rf3 34. Bd6 Kg7 35. Be5+ Kh6 36. Bxd4 Rxd3 37. Be3+ Kg7 38.
Bxb6 Rb3 39. Re7+ Kf6 40. Rxb7 Rxb2 41. Bd4+ Kf5 42. Bxb2 g5 43. Rf7+ Ke4
44. Rxg5 Qh1+ 45. Ke2 h4 46. Re5# {Black checkmated} 1-0

[Event "ICC tourney 2045 (75 10)"]
[Site "Internet Chess Club"]
[Date "2020.10.10"]
[Round "4"]
[White "mohitmukkollu"]
[Black "EdwardS"]
[Result "0-1"]
[ICCResult "White resigns"]
[WhiteElo "1142"]
[BlackElo "1042"]
[Opening "French: exchange variation"]
[ECO "C01"]
[NIC "FR.01"]
[Time "18:32:47"]
[TimeControl "4500+10"]

1. e4 e6 2. d4 d5 3. exd5 exd5 4. c4 Bb4+ 5. Nc3 Nf6 6. Nf3 O-O 7. Be2 Bg4
8. O-O dxc4 9. Bxc4 Nbd7 10. a3 Bd6 11. Bg5 c6 12. h3 Bh5 13. Re1 Qc7 14.
Qd3 Rfe8 15. Bb3 Rac8 16. Rac1 Rxe1+ 17. Rxe1 Bg6 18. Qe3 Qd8 19. Ne5 Qe7
20. Nxd7 Qxd7 21. Bxf6 gxf6 22. Ne4 Kg7 23. Bd1 Re8 24. Qf3 f5 {White
resigns} 0-1

[Event "ICC tourney 2045 (75 10)"]
[Site "Internet Chess Club"]
[Date "2020.10.10"]
[Round "4"]
[White "ethanz1606"]
[Black "MYMChessWyatt"]
[Result "0-1"]
[ICCResult "White checkmated"]
[WhiteElo "1123"]
[BlackElo "1249"]
[Opening "King's Indian defense, 3.Nc3"]
[ECO "E61"]
[NIC "KI.80"]
[Time "18:32:42"]
[TimeControl "4500+10"]

1. d4 Nf6 2. c4 g6 3. Nc3 Bg7 4. Nf3 O-O 5. Bg5 d6 6. e3 Nbd7 7. Bd3 Re8 8.
O-O e5 9. dxe5 dxe5 10. Qc2 Nc5 11. Be2 Bf5 12. Qd2 Qxd2 13. Nxd2 c6 14. b4
Nd3 15. e4 Be6 16. Bxd3 Rad8 17. Bc2 h6 18. Be3 Ng4 19. Rad1 f5 20. exf5
gxf5 21. Bxa7 e4 22. Ne2 Ra8 23. Bd4 Bxd4 24. Nxd4 e3 25. N2f3 Bxc4 26. Ba4
Rxa4 27. h3 exf2+ 28. Kh1 Ne3 29. Nxf5 Nxf1 30. Nxh6+ Kh7 31. Nf5 Be2 32.
Rd6 Bxf3 33. gxf3 Rf8 34. Rh6+ Kg8 35. Rg6+ Kf7 36. Rg4 Kf6 37. Nd6 Ng3+ 38.
Rxg3 f1=Q+ 39. Kh2 Rxa2+ 40. Rg2 Qxg2# {White checkmated} 0-1

[Event "ICC tourney 2045 (75 10)"]
[Site "Internet Chess Club"]
[Date "2020.10.10"]
[Round "4"]
[White "minecraftchess"]
[Black "VinaySridhar"]
[Result "0-1"]
[ICCResult "White checkmated"]
[WhiteElo "907"]
[BlackElo "1156"]
[Opening "Giuoco Piano"]
[ECO "C50"]
[NIC "IG.02"]
[Time "18:33:32"]
[TimeControl "4500+10"]

1. e4 e5 2. Nf3 Nc6 3. Bc4 Bc5 4. O-O d6 5. d3 Nf6 6. Nc3 Bg4 7. h3 Bh5 8.
Be3 Bb6 9. Bxb6 axb6 10. a3 Nd4 11. Re1 Nxf3+ 12. gxf3 O-O 13. Kg2 Nd7 14.
Qd2 Nc5 15. f4 Qf6 16. fxe5 dxe5 17. Nd5 Qd6 18. Nc3 Ne6 19. Rad1 Nf4+ 20.
Kf1 Qg6 21. f3 Bxf3 22. Kf2 Bxd1 23. Rxd1 Qg2+ 24. Ke3 Qxh3+ 25. Kf2 Rad8
26. Nd5 Qg2+ 27. Ke3 Qxd2+ 28. Kxd2 Nxd5 29. exd5 c6 30. dxc6 bxc6 31. b4 b5
32. Bb3 Kh8 33. c4 e4 34. Kc3 Rxd3+ 35. Rxd3 exd3 36. Kxd3 bxc4+ 37. Kxc4 f5
38. a4 f4 39. a5 f3 40. Kc5 Rf5+ 41. Kxc6 f2 42. Bc4 Rf4 43. Kc5 Rxc4+ 44.
Kxc4 f1=Q+ 45. Kb3 Qb5 46. Ka3 g5 47. Kb3 g4 48. Kc3 g3 49. Kd4 g2 50. Ke3
g1=Q+ 51. Kf4 Qe2 52. Kf5 Qgf1+ 53. Kg5 Qeg2+ 54. Kh5 Qfh1# {White
checkmated} 0-1

[Event "ICC tourney 2045 (75 10)"]
[Site "Internet Chess Club"]
[Date "2020.10.10"]
[Round "4"]
[White "Gnanathan"]
[Black "BishoptoC4"]
[Result "0-1"]
[ICCResult "White checkmated"]
[WhiteElo "1142"]
[BlackElo "254"]
[Opening "Scandinavian (center counter) defense"]
[ECO "B01"]
[NIC "SD.02"]
[Time "18:32:43"]
[TimeControl "4500+10"]

1. e4 d5 2. exd5 Qxd5 3. Nc3 Qd8 4. d4 Nf6 5. Nf3 Bg4 6. Be2 e6 7. h3 Bxf3
8. Bxf3 c6 9. O-O Bd6 10. Bg5 Nbd7 11. Ne4 Be7 12. Bxf6 Nxf6 13. Nxf6+ gxf6
14. Kh1 Qd6 15. c3 O-O-O 16. Bh5 Rhf8 17. Qf3 Qd5 18. Rfe1 Qxf3 19. Bxf3 Rg8
20. Bg4 Bd6 21. Bh5 Rg7 22. Rg1 c5 23. Rad1 cxd4 24. Rxd4 Bc5 25. Rc4 Rd5
26. Bf3 b5 27. Bxd5 bxc4 28. Bxc4 Bxf2 29. Rf1 Bh4 30. g4 Kc7 31. Rd1 Rg8
32. Bb5 Rd8 33. Rxd8 Kxd8 34. Kg2 Ke7 35. Kf3 Kd6 36. Ke4 Be1 37. Be8 Ke7
38. Ba4 Kd6 39. Bc2 h6 40. Bd3 Bd2 41. Kd4 h5 42. Be2 hxg4 43. hxg4 Bc1 44.
b4 Ba3 45. Bd3 Bc1 46. Bh7 Bd2 47. Bg8 Ke7 48. a4 Be1 49. b5 e5+ 50. Kd3 f5
51. gxf5 Kf6 52. a5 Kg7 53. b6 Bf2 54. b7 e4+ 55. Kxe4 Bg3 56. c4 Kxg8 57.
c5 Bb8 58. c6 Kg7 59. Kd5 Bc7 60. a6 Kf6 61. Ke4 Kg5 62. Kd5 Kxf5 63. Kc5
Ke5 64. b8=Q Bxb8 65. Kb5 f5 66. Kc4 Ke4 67. Kc3 Ke3 68. Kc2 Ke2 69. Kc3 f4
70. Kd4 f3 71. Kd5 f2 72. Ke6 f1=Q 73. Kd7 Qf4 74. Kc8 Qc7# {White
checkmated} 0-1

[Event "ICC tourney 2045 (75 10)"]
[Site "Internet Chess Club"]
[Date "2020.10.10"]
[Round "4"]
[White "kl1050"]
[Black "leilei8514"]
[Result "1/2-1/2"]
[ICCResult "Game drawn by repetition"]
[WhiteElo "1257"]
[BlackElo "1150"]
[Opening "Queen's pawn game"]
[ECO "D05"]
[NIC "QP.06"]
[Time "18:32:43"]
[TimeControl "4500+10"]

1. d4 Nf6 2. Nf3 d5 3. e3 e6 4. c4 Be7 5. Nc3 O-O 6. cxd5 exd5 7. Bd3 Bb4 8.
a3 Bxc3+ 9. bxc3 Re8 10. O-O h6 11. Re1 Ne4 12. Qc2 Nd7 13. Nd2 Ndf6 14. f3
Nd6 15. Rb1 c6 16. a4 Qc7 17. c4 dxc4 18. Nxc4 Nxc4 19. Qxc4 Be6 20. Qc2
Rad8 21. Ba3 Bd7 22. Qb3 b6 23. e4 Be6 24. Qb2 Qd7 25. e5 Qxd4+ 26. Qxd4
Rxd4 27. Bc2 Nd7 28. Bd6 f6 29. Rbd1 Rxd1 30. Bxd1 fxe5 31. f4 exf4 32. Bh5
Rd8 33. Rxe6 Nf6 34. Bf3 Nd5 35. Bxd5 cxd5 36. Bxf4 d4 37. Kf2 d3 38. Bd2
Rd4 39. Ke3 Rxa4 40. Kxd3 Kf7 41. Rc6 Ra3+ 42. Ke2 b5 43. Rc5 a6 44. Rc7+
Kg8 45. Bb4 Ra2+ 46. Kf3 Ra4 47. Bd6 b4 48. Be5 Ra5 49. Rxg7+ Kf8 50. Bb2
Ra2 51. Be5 Ra5 52. Bb2 Ra2 53. Bd4 a5 54. Rb7 Ra3+ 55. Ke2 Ra2+ 56. Kf3
Ra3+ 57. Ke4 Ra2 58. Kf3 Ra3+ 59. Ke2 Ra2+ 60. Kf3 Ra3+ 61. Ke4 Ra2 62. Kf3
Ra3+ 63. Kf4 Ra2 64. Kg3 Ra3+ 65. Kf4 Ra2 66. Kf3 Ra3+
{Game drawn by repetition}
1/2-1/2

[Event "ICC tourney 2045 (75 10)"]
[Site "Internet Chess Club"]
[Date "2020.10.10"]
[Round "4"]
[White "MGrei"]
[Black "DaveGriffin"]
[Result "0-1"]
[ICCResult "White resigns"]
[WhiteElo "1099"]
[BlackElo "822"]
[Opening "Sicilian: Pin variation (Sicilian counter-attack)"]
[ECO "B41"]
[NIC "SI.41"]
[Time "18:32:44"]
[TimeControl "4500+10"]

1. e4 e6 2. Nf3 c5 3. d4 cxd4 4. Nxd4 Nf6 5. Nc3 Bb4 6. Bd3 Nc6 7. Nf3 Bxc3+
8. bxc3 Qa5 9. Bd2 O-O 10. O-O Qc7 11. Rb1 d5 12. exd5 Nxd5 13. Nd4 Ne5 14.
Rb3 b6 15. Re1 Bd7 16. Ra3 Qc5 17. Qc1 Nc4 18. Bxc4 Qxc4 19. Qb2 Ne7 20. Qb4
Qc5 21. Be3 Qxb4 22. cxb4 Nd5 23. b5 e5 24. Nf3 f6 25. c4 Nxe3 26. Raxe3
Rac8 27. Rc1 Bxb5 28. Rec3 Bd7 29. c5 Be6 30. a3 bxc5 31. Rxc5 Rfd8 32. Rxc8
Bxc8 33. h3 a6 34. Kh2 Bb7 35. Rc2 Rd3 36. Rd2 e4 37. Rxd3 exd3 38. Nd2 Kf7
39. g3 Ke6 40. f3 Kd5 41. Kg2 Kd4 42. Kf2 Kc3 43. Ke1 Bc6 44. Kd1 Ba4+ 45.
Kc1 g6 46. h4 f5 47. Nb1+ Kd4 48. Nd2 h5 49. f4 Ke3 50. Nc4+ Ke2 51. Nd2 Kf2
{White resigns}
0-1

[Event "ICC tourney 2045 (75 10)"]
[Site "Internet Chess Club"]
[Date "2020.10.10"]
[Round "4"]
[White "FiveTimesNo"]
[Black "SreeVSundaram"]
[Result "1-0"]
[ICCResult "Black checkmated"]
[WhiteElo "1129"]
[BlackElo "777"]
[Opening "Queen's pawn, Mason variation"]
[ECO "D00"]
[NIC "QP.08"]
[Time "18:32:46"]
[TimeControl "4500+10"]

1. d4 d5 2. Bf4 Nf6 3. e3 e6 4. c4 Nbd7 5. Nc3 c6 6. Nf3 Be7 7. Bd3 O-O 8.
a3 b6 9. Ne5 Nxe5 10. dxe5 Nd7 11. Bg3 Bb7 12. O-O Re8 13. f4 Bc5 14. Qe2 d4
15. Ne4 dxe3 16. Nxc5 Nxc5 17. Rad1 Qc7 18. Qxe3 Red8 19. Bc2 Rxd1 20. Rxd1
Rd8 21. Qe2 Ba6 22. b4 Nb7 23. Bh4 Rxd1+ 24. Bxd1 b5 25. c5 Qd7 26. Bc2 Qd4+
27. Qf2 Qa1+ 28. Qe1 Qxa3 29. Qd2 Qa1+ 30. Kf2 f6 31. Qd7 g6 32. Qe8+ Kg7
33. exf6+ Kh6 34. Bg5+ Kh5 35. Bxg6+ hxg6 36. Qh8+ Kg4 37. Qh3#
{Black checkmated}
1-0

[Event "ICC tourney 2045 (75 10)"]
[Site "Internet Chess Club"]
[Date "2020.10.10"]
[Round "4"]
[White "JMConklin"]
[Black "Maximusiv"]
[Result "0-1"]
[ICCResult "White checkmated"]
[WhiteElo "802"]
[BlackElo "1046"]
[Opening "Scandinavian defense"]
[ECO "B01"]
[NIC "SD.03"]
[Time "18:32:40"]
[TimeControl "4500+10"]

1. e4 d5 2. exd5 Nf6 3. Bc4 Nxd5 4. Nc3 Nxc3 5. bxc3 Nc6 6. d4 Bf5 7. Qf3 e6
8. Bb3 Bd6 9. Nh3 O-O 10. O-O Ne7 11. Nf4 c6 12. c4 Ng6 13. g3 Bxf4 14. Bxf4
Qxd4 15. Rad1 Qe4 16. Qxe4 Bxe4 17. Bd6 Rfe8 18. Rfe1 Bf5 19. f3 Ne7 20. g4
Bg6 21. h4 h5 22. c5 Rad8 23. Rd2 Nc8 24. Red1 Rd7 25. Bg3 Rxd2 26. Rxd2 Kf8
27. Rd7 Re7 28. Bd6 Nxd6 29. Rxd6 Ke8 30. Kf2 Rd7 31. Rxd7 Kxd7 32. Ke3 hxg4
33. fxg4 Ke7 34. Kd4 Kf6 35. c3 e5+ 36. Ke3 e4 37. Bc2 Ke5 38. Bb3 f5 39.
gxf5 Kxf5 40. Bc2 Kg4 41. Bxe4 Bxe4 42. Kxe4 Kxh4 43. Kf3 g5 44. Kg2 g4 45.
c4 g3 46. Kg1 Kh3 47. Kh1 g2+ 48. Kg1 a6 49. a3 Kg3 50. a4 Kf3 51. a5 Ke3
52. Kxg2 Kd3 53. Kf3 Kxc4 54. Ke4 Kxc5 55. Ke5 Kb5 56. Kd6 Kxa5 57. Kc7 c5
58. Kd6 c4 59. Kd5 c3 60. Kd4 c2 61. Kd3 c1=Q 62. Kd4 Qc6 63. Kd3 Kb4 64.
Kd4 Qd6+ 65. Ke4 Kc4 66. Ke3 Qd4+ 67. Kf3 Qe5 68. Kf2 Qc3 69. Ke2 Kd4 70.
Kf2 Ke4 71. Ke2 Qe3+ 72. Kf1 Qd2 73. Kg1 Kf3 74. Kh1 Qg2# {White checkmated}
0-1

[Event "ICC tourney 2045 (75 10)"]
[Site "Internet Chess Club"]
[Date "2020.10.10"]
[Round "4"]
[White "ABecker755"]
[Black "Davide25"]
[Result "0-1"]
[ICCResult "White checkmated"]
[WhiteElo "1265"]
[BlackElo "1189"]
[Opening "Sicilian: Alapin's variation (2.c3)"]
[ECO "B22"]
[NIC "SI.46"]
[Time "18:32:49"]
[TimeControl "4500+10"]

1. e4 c5 2. c3 d6 3. d4 Nf6 4. dxc5 dxc5 5. Qxd8+ Kxd8 6. Bd3 Nc6 7. Nf3 e5
8. O-O h6 9. Re1 Kc7 10. Bb5 Bd6 11. Bxc6 bxc6 12. c4 Bg4 13. Nbd2 Nd7 14.
b3 Nf8 15. Bb2 f6 16. h3 Bh5 17. Nh4 Ne6 18. g4 Bf7 19. Ng2 Rad8 20. Nf3 Nd4
21. Nxd4 cxd4 22. Red1 h5 23. Rd3 hxg4 24. hxg4 Be6 25. f3 Rh3 26. Kf2 Bxg4
27. Rad1 Be6 28. Bc1 f5 29. a3 fxe4 30. fxe4 Rxd3 31. Rxd3 Rf8+ 32. Ke1 Be7
33. Bd2 Bg8 34. Nf4 exf4 35. Rxd4 f3 36. b4 f2+ 37. Kf1 c5 38. bxc5 Bxc5 39.
Bb4 Bxd4 40. Bxf8 Bxc4+ 41. Kg2 f1=Q+ 42. Kh2 Qxf8 43. e5 Qf3 44. a4 Bxe5+
45. Kg1 Bd4+ 46. Kh2 Bd5 47. a5 Qg2# {White checkmated} 0-1

[Event "ICC tourney 2045 (75 10)"]
[Site "Internet Chess Club"]
[Date "2020.10.11"]
[Round "5"]
[White "FiveTimesNo"]
[Black "mohitmukkollu"]
[Result "0-1"]
[ICCResult "White resigns"]
[WhiteElo "1091"]
[BlackElo "1249"]
[Opening "Queen's pawn, Mason variation, Steinitz counter-gambit"]
[ECO "D00"]
[NIC "QP.08"]
[Time "10:41:47"]
[TimeControl "4500+10"]

1. d4 d5 2. Bf4 c5 3. e3 Nc6 4. c3 e6 5. Nf3 Nf6 6. Nbd2 Bd7 7. Bd3 c4 8.
Bc2 Be7 9. h3 O-O 10. Ne5 Nxe5 11. dxe5 Ne8 12. h4 f6 13. Bxh7+ Kxh7 14.
Qh5+ Kg8 15. Qg6 fxe5 16. Bh6 Rf6 {White resigns} 0-1

[Event "ICC tourney 2045 (75 10)"]
[Site "Internet Chess Club"]
[Date "2020.10.11"]
[Round "5"]
[White "Gnanathan"]
[Black "temporarydanger"]
[Result "0-1"]
[ICCResult "White resigns"]
[WhiteElo "1134"]
[BlackElo "1168"]
[Opening "Four knights: Scotch variation"]
[ECO "C44"]
[NIC "SO.01"]
[Time "10:41:47"]
[TimeControl "4500+10"]

1. e4 e5 2. Nf3 Nc6 3. d4 Nf6 4. Nc3 Bb4 5. dxe5 Nxe4 6. Bd2 Nxd2 7. Qxd2
O-O 8. Bb5 Qe7 9. Bxc6 dxc6 10. O-O Rd8 11. Qe3 Bg4 12. Rfe1 Bc5 13. Qf4
Bxf3 14. Qxf3 Rd2 15. Rac1 Bxf2+ 16. Qxf2 Rxf2 17. Kxf2 Rd8 18. Kg1 Rd2 19.
Ne4 Rd7 20. Rcd1 Rxd1 21. Rxd1 f5 22. Ng3 Qc5+ 23. Kh1 Qxe5 24. b3 g6 25.
Rg1 Qc3 26. Rd1 {White resigns} 0-1

[Event "ICC tourney 2045 (75 10)"]
[Site "Internet Chess Club"]
[Date "2020.10.11"]
[Round "5"]
[White "boxingguy2469x"]
[Black "Captcha"]
[Result "0-1"]
[ICCResult "White resigns"]
[WhiteElo "1135"]
[BlackElo "949"]
[Opening "Petrov: French attack"]
[ECO "C42"]
[NIC "RG.03"]
[Time "10:41:47"]
[TimeControl "4500+10"]

1. e4 e5 2. Nf3 Nf6 3. Nxe5 d6 4. Nf3 Nxe4 5. d3 Nf6 6. Nc3 c6 7. Bg5 Be7 8.
g3 d5 9. Qe2 O-O 10. O-O-O h6 11. Be3 Bg4 12. Bd4 Re8 13. Bg2 Bc5 14. Qd2
Bxf3 15. Bxf6 Qxf6 16. Bxf3 Qxf3 17. d4 Be7 {White resigns} 0-1

[Event "ICC tourney 2045 (75 10)"]
[Site "Internet Chess Club"]
[Date "2020.10.11"]
[Round "5"]
[White "HemingLiu"]
[Black "JCJ2018"]
[Result "1/2-1/2"]
[ICCResult "Game drawn because neither player has mating material"]
[WhiteElo "744"]
[BlackElo "1032"]
[Opening "Scotch opening"]
[ECO "C44"]
[NIC "KP.10"]
[Time "10:41:47"]
[TimeControl "4500+10"]

1. e4 e5 2. Nf3 Nc6 3. d4 Qe7 4. dxe5 Nxe5 5. Nxe5 Qxe5 6. Nc3 Bb4 7. Bd2
Bxc3 8. Bxc3 Qxe4+ 9. Qe2 Qxe2+ 10. Bxe2 Nf6 11. O-O O-O 12. Rad1 d6 13.
Rfe1 Re8 14. Bc4 Rxe1+ 15. Rxe1 Bd7 16. h3 b5 17. Bd3 h6 18. b3 Nd5 19. Be4
c6 20. Bxd5 cxd5 21. Rd1 Be6 22. a4 bxa4 23. bxa4 Rc8 24. Bd4 Rxc2 25. Bxa7
Ra2 26. Bb8 Rxa4 27. Bxd6 Ra6 28. Bf4 Kf8 29. Kf1 Ke7 30. Ke2 Ra4 31. Ke3
Re4+ 32. Kf3 f6 33. g3 g5 34. Bc7 h5 35. Kg2 d4 36. f3 Re2+ 37. Kf1 Bc4 38.
Rxd4 Rd2+ 39. Rxc4 Rd3 40. Kf2 f5 41. f4 gxf4 42. Bxf4 h4 43. Bg5+ Ke6 44.
Rxh4 Ke5 45. Bf4+ Kd4 46. Bd2+ Ke5 47. Bh6 Rb3 48. g4 fxg4 49. Rxg4 Rxh3 50.
Bf4+ Kf5 51. Rg3 Rxg3 52. Kxg3
{Game drawn because neither player has mating material}
1/2-1/2

[Event "ICC tourney 2045 (75 10)"]
[Site "Internet Chess Club"]
[Date "2020.10.11"]
[Round "5"]
[White "Maximusiv"]
[Black "nb12"]
[Result "0-1"]
[ICCResult "White resigns"]
[WhiteElo "1042"]
[BlackElo "1247"]
[Opening "Evans gambit"]
[ECO "C51"]
[NIC "IG.05"]
[Time "10:50:55"]
[TimeControl "4500+10"]

1. e4 e5 2. Nf3 Nc6 3. Bc4 Bc5 4. b4 Bxb4 5. c3 Bc5 6. d4 exd4 7. O-O Nge7
8. cxd4 Bb6 9. Bxf7+ Kxf7 10. Ng5+ Ke8 11. Qb3 d5 12. exd5 Qxd5 13. Qxd5
Nxd5 14. Re1+ Nce7 15. Ba3 Bxd4 16. Nc3 Bxc3 17. Rxe7+ Nxe7 18. Rc1 Be5 19.
Bxe7 Kxe7 20. Re1 Kf6 21. Rxe5 Kxe5 22. Nf7+ Kf6 23. Nxh8 Be6 {White
resigns} 0-1

[Event "ICC tourney 2045 (75 10)"]
[Site "Internet Chess Club"]
[Date "2020.10.11"]
[Round "5"]
[White "RatislavK"]
[Black "april2012"]
[Result "1-0"]
[ICCResult "Black checkmated"]
[WhiteElo "1170"]
[BlackElo "1175"]
[Opening "Queen's pawn game"]
[ECO "D02"]
[NIC "QP.08"]
[Time "10:53:19"]
[TimeControl "4500+10"]

1. d4 d5 2. Nf3 Bf5 3. g3 Nf6 4. Bg2 e6 5. c4 dxc4 6. Ne5 c6 7. Nc3 Bd6 8.
Nxc4 Be7 9. Qb3 Qxd4 10. Qxb7 Qxc4 11. Qxa8 O-O 12. Qxa7 Bc5 13. Qa4 Bb4 14.
O-O Qc5 15. Be3 Qa5 16. Qxa5 Bxa5 17. Rfd1 Nd5 18. Nxd5 cxd5 19. Rac1 Nd7
20. a3 h6 21. b4 Bb6 22. Bxb6 Nxb6 23. Rc6 Nc4 24. a4 Bc2 25. Ra1 Ra8 26. a5
Rb8 27. a6 Rxb4 28. a7 Nb6 29. Rxb6 Rxb6 30. a8=Q+ Kh7 31. Qa7 Rb5 32. Qxf7
Bf5 33. Ra7 Rb1+ 34. Bf1 Bh3 35. Qxg7# {Black checkmated} 1-0

[Event "ICC tourney 2045 (75 10)"]
[Site "Internet Chess Club"]
[Date "2020.10.11"]
[Round "5"]
[White "akumarum"]
[Black "BArkadia"]
[Result "0-1"]
[ICCResult "White resigns"]
[WhiteElo "1055"]
[BlackElo "1205"]
[Opening "Giuoco Piano: four knights variation"]
[ECO "C55"]
[NIC "IG.01"]
[Time "10:41:47"]
[TimeControl "4500+10"]

1. e4 e5 2. Nf3 Nc6 3. Bc4 Nf6 4. Nc3 Bc5 5. O-O O-O 6. Re1 d6 7. d3 h6 8.
Be3 Nd4 9. Bxd4 Bxd4 10. Nxd4 exd4 11. Ne2 c5 12. c3 Ng4 13. f3 Ne3 14. Qb3
Qg5 15. Ng3 h5 16. Re2 h4 17. Nf1 h3 18. Nxe3 dxe3 19. g3 Qh5 20. Rxe3 Kh8
21. Rf1 f5 22. Bd5 f4 23. g4 Bxg4 24. Re2 Bxf3 25. Rxf3 Qxf3 26. Qc2 Qg4+
27. Kf1 f3 28. Rf2 Qg2+ 29. Rxg2 fxg2+ 30. Ke2 g1=Q 31. Kd2 Rf2+ 32. Ke3
Rxc2+ {White resigns} 0-1

[Event "ICC tourney 2045 (75 10)"]
[Site "Internet Chess Club"]
[Date "2020.10.11"]
[Round "5"]
[White "traycon"]
[Black "Alberttheshow"]
[Result "1-0"]
[ICCResult "Black checkmated"]
[WhiteElo "973"]
[BlackElo "544"]
[Opening "English: four knights system"]
[ECO "A28"]
[NIC "EO.08"]
[Time "10:41:47"]
[TimeControl "4500+10"]

1. c4 e5 2. Nc3 Nf6 3. Nf3 Nc6 4. d4 exd4 5. Nxd4 Nxd4 6. Qxd4 Bb4 7. g3 O-O
8. Bg2 d6 9. O-O Bf5 10. b3 Re8 11. Bxb7 Rb8 12. Bg2 c5 13. Qd2 Ne4 14. Bxe4
Bxe4 15. Bb2 d5 16. Qf4 d4 17. Nxe4 Qe7 18. f3 g6 19. Nf6+ Kg7 20. Nxe8+
Rxe8 21. e4 g5 22. Qe3 Ba5 23. Rad1 Bc3 24. Bxc3 dxc3 25. Qxc3+ Kh6 26. Rd5
Qc7 27. Qe3 Kg7 28. Qxg5+ Kf8 29. Rxc5 Qe7 30. Qh6+ Kg8 31. Rg5+ Qxg5 32.
Qxg5+ Kf8 33. Rd1 h6 34. Qxh6+ Kg8 35. Rd5 f5 36. Rxf5 Re7 37. Rg5+ Kf7 38.
Qg6+ Kf8 39. Qg8# {Black checkmated} 1-0

[Event "ICC tourney 2045 (75 10)"]
[Site "Internet Chess Club"]
[Date "2020.10.11"]
[Round "5"]
[White "oliver-kc"]
[Black "ThomasEH"]
[Result "1-0"]
[ICCResult "Black resigns"]
[WhiteElo "772"]
[BlackElo "1113"]
[Opening "King's pawn game"]
[ECO "C50"]
[NIC "IG.03"]
[Time "10:52:19"]
[TimeControl "4500+10"]

1. e4 e5 2. Nf3 Nc6 3. Bc4 h6 4. O-O Nf6 5. d3 Bc5 6. Nc3 O-O 7. Bd2 a6 8.
a4 d6 9. h3 Qe7 10. Nd5 Nxd5 11. exd5 Nd4 12. Nxd4 Bxd4 13. c3 Ba7 14. Qf3
Bd7 15. Qe4 f5 16. Qe2 Qf6 17. b3 Rae8 18. Qd1 f4 19. Qf3 Bf5 20. Rae1 Qg6
21. b4 e4 22. dxe4 Bxe4 23. Qg4 Qxg4 24. hxg4 g5 25. b5 a5 26. Kh2 Bc5 27.
f3 Bc2 28. Rxe8 Rxe8 29. Ra1 Bf2 30. Kh3 b6 31. Kh2 Kg7 32. Kh3 Bg3 33. Bc1
Re1 34. Bb2 Rxa1 35. Bxa1 Kf6 36. Ba2 Bxa4 37. c4+ Ke7 38. Bg7 Kf7 39. Bxh6
Kg6 40. Bf8 Bc2 41. Be7 a4 42. Bd8 Bb3 43. Bb1+ Kh6 44. Bxc7 a3 45. Bxb6 Be1
46. Bc7 Bc3 47. Bxd6 a2 48. Bxa2 Bxa2 49. b6 Bxc4 50. b7 Bxd5 51. b8=Q
{Black resigns}
1-0

[Event "ICC tourney 2045 (75 10)"]
[Site "Internet Chess Club"]
[Date "2020.10.11"]
[Round "5"]
[White "sganesh2004"]
[Black "zbashar"]
[Result "1/2-1/2"]
[ICCResult "Game drawn by repetition"]
[WhiteElo "1005"]
[BlackElo "1144"]
[Opening "English: symmetrical variation"]
[ECO "A35"]
[NIC "TD.06"]
[Time "10:41:42"]
[TimeControl "4500+10"]

1. c4 c5 2. Nc3 Nc6 3. Nf3 e6 4. e3 Nf6 5. d4 d5 6. cxd5 exd5 7. Be2 cxd4 8.
exd4 Bd6 9. Be3 O-O 10. O-O Be6 11. Rc1 Ne4 12. Nd2 Nxc3 13. bxc3 h6 14. c4
Re8 15. c5 Bc7 16. Rb1 b6 17. Nb3 Rb8 18. Bb5 Bd7 19. Re1 Nb4 20. Bxd7 Qxd7
21. a3 Nc6 22. Rc1 b5 23. Nd2 Na5 24. Nf3 Nc4 25. Qd3 a6 26. Re2 Nxe3 27.
Rxe3 Rxe3 28. fxe3 Re8 29. Re1 Qe6 30. Nh4 Bf4 31. g3 Bg5 32. Nf3 Bxe3+ 33.
Kg2 f5 34. Ne5 f4 35. Re2 Qf6 36. Re1 Qe6 37. Re2 Rf8 38. gxf4 Bxf4 39. Ng6
Qg4+ 40. Kh1 Rf6 41. Re8+ Kf7 42. Re7+ Kg8 43. Re8+ Kf7 44. Re7+ Kg8 45.
Re8+ {Game drawn by repetition} 1/2-1/2

[Event "ICC tourney 2045 (75 10)"]
[Site "Internet Chess Club"]
[Date "2020.10.11"]
[Round "5"]
[White "oxdidi"]
[Black "kl1050"]
[Result "0-1"]
[ICCResult "White checkmated"]
[WhiteElo "1084"]
[BlackElo "1311"]
[Opening "Giuoco Piano"]
[ECO "C54"]
[NIC "IG.02"]
[Time "10:41:47"]
[TimeControl "4500+10"]

1. e4 e5 2. Nf3 Nc6 3. Bc4 Bc5 4. c3 Nf6 5. d3 d6 6. h3 Na5 7. Bb3 Nxb3 8.
Qxb3 Rb8 9. Nbd2 Be6 10. Qc2 c6 11. Nf1 b5 12. Bg5 h6 13. Bh4 g5 14. Bg3 Nh5
15. Bh2 Nf4 16. Bxf4 exf4 17. N1d2 Qe7 18. d4 Bb6 19. e5 dxe5 20. Nxe5 Bd5
21. O-O Kf8 22. b3 Bc7 23. Rfe1 Bxe5 24. Rxe5 Qf6 25. c4 bxc4 26. bxc4 Be6
27. Qd3 Bd7 28. Ne4 Qg6 29. Nc5 Qxd3 30. Nxd3 Kg7 31. Nc5 Rhd8 32. Re7 Bf5
33. Rxa7 Rxd4 34. Rc1 Rb4 35. Rc7 Rdxc4 36. Rxc4 Rxc4 37. Rxc6 Rc1+ 38. Kh2
Rc2 39. g4 Bd3 40. Kg1 Be4 41. Rc7 Rc1+ 42. Kh2 Rh1# {White checkmated} 0-1

[Event "ICC tourney 2045 (75 10)"]
[Site "Internet Chess Club"]
[Date "2020.10.11"]
[Round "5"]
[White "andrewj508"]
[Black "EdwardS"]
[Result "1-0"]
[ICCResult "Black checkmated"]
[WhiteElo "1115"]
[BlackElo "993"]
[Opening "French: classical variation"]
[ECO "C14"]
[NIC "FR.06"]
[Time "10:42:07"]
[TimeControl "4500+10"]

1. e4 e6 2. d4 d5 3. Nc3 Nf6 4. Bg5 Be7 5. e5 Nfd7 6. Bxe7 Qxe7 7. Nf3 c5 8.
Nb5 Nb6 9. Nd6+ Kf8 10. c3 c4 11. Qd2 h6 12. b3 cxb3 13. axb3 Nc6 14. Bd3
Bd7 15. O-O Rb8 16. Bb5 a6 17. Bd3 Nc8 18. Qf4 Nxd6 19. exd6 Qd8 20. Ne5
Nxe5 21. dxe5 Be8 22. Qb4 Kg8 23. f4 Qh4 24. Qb6 Qd8 25. Qxd8 Rxd8 26. Ra5
Rc8 27. c4 dxc4 28. bxc4 Bd7 29. Rb1 Bc6 30. c5 g5 31. g3 gxf4 32. gxf4 Kf8
33. Kf2 Rg8 34. Rg1 Rxg1 35. Kxg1 Kg7 36. Kf2 Rg8 37. Ra1 Kf8 38. Rg1 Rxg1
39. Kxg1 Kg7 40. Kf2 f6 41. Ke3 f5 42. Be2 Kg6 43. Bf3 Kf7 44. Bxc6 bxc6 45.
Kd4 Ke8 46. Kc4 Kd7 47. Kb4 Kc8 48. Ka5 Kb7 49. h3 h5 50. h4 Kc8 51. Kxa6
Kd7 52. Kb7 Kd8 53. Kxc6 Kc8 54. d7+ Kd8 55. Kb7 Kxd7 56. c6+ Ke7 57. c7 Kd7
58. c8=Q+ Ke7 59. Kc7 Kf7 60. Qd7+ Kg6 61. Qxe6+ Kg7 62. Qf6+ Kh7 63. e6 Kg8
64. e7 Kh7 65. Qf7+ Kh6 66. Qf8+ Kh7 67. Kd7 Kg6 68. e8=Q+ Kh7 69. Qg8+ Kh6
70. Qeg6# {Black checkmated} 1-0